 Dungeon Crawl Stone Soup version 0.32-a0-872-g59262bdc9b (webtiles) character file.

Game seed: 4019593201117638207

89 601d51SH the Ruffian (level 4, -6/34 HPs)
             Began as a Gnoll Shapeshifter on Mar 31, 2024.
             Mangled by a gnoll
             ... wielding a +0 halberd
              (11 damage)
             ... on level 2 of the Dungeon.
             The game lasted 00:03:08 (938 turns).

601d51SH the Ruffian (Gnoll Shapeshifter)            Turns: 938, Time: 00:03:09

Health: -6/34      AC:  5    Str: 15    XL:     4   Next: 55%
Magic:  5/5        EV: 11    Int: 10    God:
Gold:   81         SH:  0    Dex: 11    Spells: 5/5 levels left

rFire   . . .        i - +2 falchion (heavy)
rCold   . . .        (no shield)
rNeg    . . .        k - +0 ring mail
rPois   .            (helmet currently unavailable)
rElec   .            (cloak currently unavailable)
rCorr   .            (gloves currently unavailable)
SInv    .            (boots currently unavailable)
Will    .....        (no amulet)
Stlth   +            (no ring)
HPRegen 0.25/turn    (no ring)
MPRegen 0.09/turn

%: no passive effects
@: beast-form
A: beast (slay +3), fangs 1, strong nose, distributed training
a: Begin Untransformation


You were on level 2 of the Dungeon.
You were a hulking beast.
You visited 1 branch of the dungeon, and saw 2 of its levels.

You collected 81 gold pieces.

Inventory:

Hand Weapons
 h - a +0 short sword
 i - a +2 heavy falchion (weapon)
 p - a +0 dagger of protection
Missiles
 f - 3 javelins (quivered)
Armour
 a - a +0 animal skin
 k - a +0 ring mail (worn)
 m - a +0 chain mail
Jewellery
 j - a ring of protection from fire
 n - the ring of the Castellan {Fly rF+ rC- Str+2}
   (You found it on level 2 of the Dungeon)

   [ring of flight]

   Str+2:     It affects your strength (+2).
   rF+:       It protects you from fire.
   rC-:       It makes you vulnerable to cold.
   Fly:       It grants you flight.
Talismans
 c - a beast talisman (active)
 d - a flux talisman
Scrolls
 e - a scroll of enchant armour {unknown}
Potions
 b - 2 potions of lignification
 g - a potion of degeneration {unknown}
 l - 2 potions of curing {unknown}
 o - a potion of brilliance {unknown}


   Skills:
 + Level 2.8 Fighting
 + Level 1.2 Short Blades
 + Level 1.2 Long Blades
 + Level 1.2 Axes
 + Level 1.2 Maces & Flails
 + Level 1.2 Polearms
 + Level 1.2 Staves
 + Level 1.2 Ranged Weapons
 + Level 1.2 Throwing
 + Level 1.2 Armour
 + Level 4.7 Dodging
 + Level 1.2 Stealth
 + Level 1.2 Shields
 + Level 6.6 Unarmed Combat
 + Level 1.2 Spellcasting
 + Level 1.0 Conjurations
 + Level 1.0 Hexes
 + Level 1.0 Summonings
 + Level 1.0 Necromancy
 + Level 1.0 Translocations
 + Level 1.0 Fire Magic
 + Level 1.0 Ice Magic
 + Level 1.0 Air Magic
 + Level 1.0 Earth Magic
 + Level 1.0 Alchemy
 + Level 1.3 Invocations
 + Level 1.2 Evocations
 + Level 6.6 Shapeshifting


You had 5 spell levels left.
You didn't know any spells.
Your spell library was empty.

Dungeon Overview and Level Annotations

Branches:
Dungeon (2/15)

Altars:

Shops:
D:1 (


Innate Abilities, Weirdness & Mutations

You are a hulking beast.
Your limbs bulge with bestial killing power. (Slay +3)
You have very sharp teeth.
Your uncanny sense of smell can sniff out nearby items.
Your experience applies equally to all skills.


Message History

The gnoll hits you from afar with a +0 spear.
The gnoll closely misses you. The gnoll barely misses you.
You slash the gnoll!
You kill the gnoll!
The gnoll throws a throwing net.
The throwing net hits you.
You become entangled in the net!
The gnoll hits you but does no damage.
Your Conjurations skill increases to level 1!
Your Hexes skill increases to level 1!
Your Summonings skill increases to level 1!
Your Necromancy skill increases to level 1!
Your Translocations skill increases to level 1!
Your Fire Magic skill increases to level 1!
Your Ice Magic skill increases to level 1!
Your Air Magic skill increases to level 1!
Your Earth Magic skill increases to level 1!
Your Alchemy skill increases to level 1!
Unknown command.
You don't know any spells.
Your library has no spells.
You tear a large gash into the net.
The gnoll completely misses you.
There are monsters nearby!
There are monsters nearby!
You struggle against the net.
The gnoll hits you from afar with a +0 spear.
You rip the net and break free!
The gnoll hits you but does no damage. The gnoll attacks as it pursues you!
The gnoll barely misses you.
The gnoll hits you from afar with a +0 spear!
The gnoll hits you with a +0 spear.
* * * LOW HITPOINT WARNING * * *
You slash the gnoll! You bite the gnoll, but do no damage.
The gnoll is severely wounded.
The gnoll hits you with a +0 spear.
* * * LOW HITPOINT WARNING * * *
The gnoll closely misses you. The gnoll barely misses you.
The gnoll misses you.
You slice the gnoll!!
You kill the gnoll!
The gnoll barely misses you. The gnoll closely misses you.
The gnoll hits you with a +0 halberd!
You die...

#############
#.gh........#######
#.#######..........
#)# #.#.#######. #g#
#.#......... #.#
#.####..†... #.# #.#
#.####. #.# ##.##
#.####. #.#
##...###......
#.#####..#........#.


You could see a gnoll.

Vanquished Creatures
  An orc priest (D:2)
  2 gnolls (D:2)
  An adder (D:2)
  A ribbon worm (D:2)
  2 orcs (D:2)
  2 bats (D:1)
  4 endoplasms
  4 giant cockroaches
  A goblin (D:2)
  2 hobgoblins (D:1)
  A kobold (D:1)
  4 quokkas
25 creatures vanquished.

Notes
Turn   | Place    | Note
-------+----------+-------------------------------------------
     0 | D:1      | 601d51SH the Gnoll Shapeshifter began the quest for the
                  | Orb.
     0 | D:1      | Reached XP level 1. HP: 17/17 MP: 1/1
    77 | D:1      | Found Oshuyn's Antique Weapon Shop.
   187 | D:1      | Reached XP level 2. HP: 23/23 MP: 2/2
   255 | D:1      | Found a faded altar of an unknown god.
   785 | D:2      | Reached skill level 1 in Short Blades
   785 | D:2      | Reached skill level 1 in Long Blades
   785 | D:2      | Reached skill level 1 in Axes
   785 | D:2      | Reached skill level 1 in Maces & Flails
   785 | D:2      | Reached skill level 1 in Polearms
   785 | D:2      | Reached skill level 1 in Staves
   785 | D:2      | Reached skill level 1 in Ranged Weapons
   785 | D:2      | Reached skill level 1 in Throwing
   785 | D:2      | Reached skill level 1 in Armour
   785 | D:2      | Reached skill level 1 in Stealth
   785 | D:2      | Reached skill level 1 in Shields
   785 | D:2      | Reached skill level 1 in Spellcasting
   785 | D:2      | Reached skill level 1 in Invocations
   785 | D:2      | Reached skill level 1 in Evocations
   785 | D:2      | Reached XP level 3. HP: 28/28 MP: 2/4
   841 | D:2      | Identified the ring of the Castellan {Fly rF+ rC- Str+2}
   871 | D:2      | Reached XP level 4. HP: 34/34 MP: 5/5
   927 | D:2      | Reached skill level 1 in Conjurations
   927 | D:2      | Reached skill level 1 in Hexes
   927 | D:2      | Reached skill level 1 in Summonings
   927 | D:2      | Reached skill level 1 in Necromancy
   927 | D:2      | Reached skill level 1 in Translocations
   927 | D:2      | Reached skill level 1 in Fire Magic
   927 | D:2      | Reached skill level 1 in Ice Magic
   927 | D:2      | Reached skill level 1 in Air Magic
   927 | D:2      | Reached skill level 1 in Earth Magic
   927 | D:2      | Reached skill level 1 in Alchemy
   938 | D:2      | Mangled by a gnoll

Illustrated notes

Levels and vault maps discovered:
D:1:      mrwooster_arrival_statue_3, layout_basic,
          hellmonk_ecumenical_altar_run_dry, serial_shops,
          nicolae_shop_tiny_statue_garden
D:2:      cheibrodos_pilgrimage, layout_loops_ring, minmay_tetromino_o2

Skill      XL: |  1  2  3  4 |
---------------+-------------+-----
Short Blades   | 1 |  1.2
Long Blades    | 1 |  1.2
Axes           | 1 |  1.2
Maces & Flails | 1 |  1.2
Polearms       | 1 |  1.2
Staves         | 1 |  1.2
Ranged Weapons | 1 |  1.2
Throwing       | 1 |  1.2
Armour         | 1 |  1.2
Stealth        | 1 |  1.2
Shields        | 1 |  1.2
Spellcasting   | 1 |  1.2
Invocations    | 1 |  1.3
Evocations     | 1 |  1.2
Conjurations   | 1 |  1.0
Hexes          | 1 |  1.0
Summonings     | 1 |  1.0
Necromancy     | 1 |  1.0
Translocations | 1 |  1.0
Fire Magic     | 1 |  1.0
Ice Magic      | 1 |  1.0
Air Magic      | 1 |  1.0
Earth Magic    | 1 |  1.0
Alchemy        | 1 |  1.0
Fighting       | |  2.8
Dodging        | |  4.7
Unarmed Combat | |  6.6
Shapeshifting  | |  6.6

Action                     |  1- 3 |  4- 6 || total
---------------------------+-------+-------++-------
  Melee: Unarmed           |     5 |       ||     5
         Falchion          |    22 |    11 ||    33
         Bite              |     3 |     2 ||     5
         Short sword       |     1 |       ||     1
  Throw: Javelin           |     5 |       ||     5
   Stab: Sleeping          |     1 |       ||     1
 Armour: Animal skin       |     6 |       ||     6
         Ring mail         |     7 |    16 ||    23
  Dodge: Dodged            |    20 |    15 ||    35

Table legend: (Time is in decaauts)
 A = Elapsed time spent in this place.
 B = Non-inter-level travel time spent in this place.
 C = Inter-level travel time spent in this place.
 D = Time resting spent in this place.
 E = Time spent auto-exploring this place.
 F = Levels seen in this place.
 G = Mean time per level.
                   A        B        C        D        E       F      G
               +--------+--------+--------+--------+--------+-----+--------+
         Total |    967 |    959 |      8 |      0 |    576 |   2 |  483.5 |
       Dungeon |    967 |    959 |      8 |      0 |    576 |   2 |  483.5 |
               +--------+--------+--------+--------+--------+-----+--------+

Top non-repeatable levels by time:
     D:1: 777 daAuts
     D:2: 190 daAuts
